 Dungeon Crawl Stone Soup version 0.29-a0-575-g0dc89cf053 (webtiles) character file.

Game seed: 1538634724640184702

327 Querens the Shield-Bearer (level 7, -1/60 HPs)
             Began as a Meteoran Fighter on June 13, 2022.
             Slain by a gnoll
             ... wielding a +0 spear
              (3 damage)
             ... on level 5 of the Dungeon.
             The game lasted 00:07:22 (1829 turns).

Querens the Shield-Bearer (Meteoran Fighter)        Turns: 1829, Time: 00:07:22

Health: -1/60      AC:  8    Str: 19 (20) XL:     7   Next: 7%
Magic:  8/8        EV:  9    Int:  7 (10) God:
Gold:   178        SH:  5    Dex: 12 (13) Spells: 6/6 levels left

rFire   . . .      SeeInvis .   a - +0 war axe
rCold   . . .      Faith    .   c - +0 buckler
rNeg    . . .      Spirit   .   b - +0 scale mail
rPois   .          Reflect  .   (no helmet)
rElec   .          Harm     .   (no cloak)
rCorr   .          Rampage  .   (no gloves)
Will    .....                   m - +0 pair of boots
Stlth   ..........              (no amulet)
HPRegen 0.20/turn               (no ring)
MPRegen 0.11/turn               (no ring)

@: hasted, glowing, invisible (but backlit and visible), very quick
A: sense surroundings 1, otherworldly, glowing, explore regen
a: no special abilities


You were on level 5 of the Dungeon.
You visited 1 branch of the dungeon, and saw 5 of its levels.

You collected 178 gold pieces.

Inventory:

Hand Weapons
 a - a +0 war axe (weapon)
Armour
 b - a +0 scale mail (worn)
 c - a +0 buckler (worn)
 m - a +0 pair of boots (worn)
Wands
 o - a wand of paralysis (4)
Scrolls
 e - 2 scrolls of identify {unknown}
 g - 2 scrolls of noise {unknown}
 h - a scroll of enchant weapon {unknown}
 i - a scroll of magic mapping {unknown}
 k - a scroll of amnesia {unknown}
Potions
 d - a potion of might
 j - a potion of degeneration


   Skills:
 + Level 4.8 Fighting
 + Level 4.4 Axes
 + Level 5.2 Armour
 + Level 5.2 Shields


You had 6 spell levels left.
You didn't know any spells.
Your spell library contained the following spells:

 Spells                   Type           Power      Damage    Failure   Level
 Stone Arrow              Conj/Erth      0%         3d7       99%         3
 Animate Armour           Summ/Erth      0%         N/A       100%        4
 Lehudib's Crystal Spear  Conj/Erth      0%         10d2      100%        8


Dungeon Overview and Level Annotations

Branches:
Dungeon (5/15)
 Temple: D:4-7

Altars:

Annotations:
D:3 2 transporters


Innate Abilities, Weirdness & Mutations

You passively map a small area around you.
You are easily found by Zot.
You glow in the dark.
You regain HP and MP as you explore.


Message History

Pain shoots through your body!
* * * LOW HITPOINT WARNING * * *
The gnoll attacks as you move away! The gnoll hits you but does no damage.
A phantom comes into view.
The gnoll attacks as you move away! The gnoll hits you with a +0 flail.
* * * LOW HITPOINT WARNING * * *
Aiming: Paralyse
Press: ? - help, Shift-Dir - straight line, f - phantom
Aim: a phantom (chance to affect: 31%)
The phantom suddenly stops moving!
Unknown command.
You slash the gnoll!
You kill the gnoll!
The helpless phantom fails to defend itself.
You slash the phantom! You hit the gnoll. The gnoll hits you with a +0 flail.
* * * LOW HITPOINT WARNING * * *
The gnoll hits you from afar with a +0 spear.
* * * LOW HITPOINT WARNING * * *
Unknown command.
Unknown command.
It was a potion of degeneration.
There was something very wrong with that liquid.
You feel weakened.
You feel dopey.
You feel clumsy. The gnoll barely misses you. You block the gnoll's attack.
It was a potion of haste.
You feel yourself speed up. You block the gnoll's attack.
The gnoll hits you from afar with a +0 spear.
* * * LOW HITPOINT WARNING * * *
It was a potion of magic.
Magic courses through your body. The gnoll hits you with a +0 flail.
* * * LOW HITPOINT WARNING * * *
The orc wizard gestures wildly while chanting.
The orc wizard flickers and vanishes!
Deactivating autopickup; reactivate with Ctrl-A.
The gnoll hits you but does no damage.
It was a potion of invisibility.
You become transparent, but the glow from your body prevents you from becoming completely invisible.
You block the gnoll's attack.
The gnoll hits you from afar with a +0 spear.
You die...

≈ , * * ** * ,
, *#### * ≈ ,,
##... ≈ * *
#... , , * #..,
, , #W# * * *
###########@#,
, ≈ *
#......osg)g#
,, *
#......o{#### ,
≈ #........# **
* , #........#
* ,* #........#
, *
###........# ,*
####..........#
,
P..#.........$#
,


You could see a phantom (paralysed), a scorpion, 2 gnolls and 2 orcs.

Vanquished Creatures
  A necrophage (D:2)
  A scorpion (D:4)
  A howler monkey (D:4)
  A jelly (D:4)
  Terence (D:2)
  An orc wizard (D:3)
  An adder (D:3)
  2 gnolls (D:5)
  A shadow imp (D:3)
  2 worms (D:2)
  2 dart slugs
  2 orcs (D:3)
  5 bats (D:1)
  6 endoplasms
  3 giant cockroaches
  7 goblins
  A hobgoblin (D:5)
  2 jackals (D:3)
  4 kobolds
  A quokka (D:1)
  3 ball pythons
  A frilled lizard (D:1)
  4 rats
53 creatures vanquished.

Vanquished Creatures (others)
  An orc (D:5)
  11 plants
12 creatures vanquished.

Grand Total: 65 creatures vanquished

Notes
Turn   | Place    | Note
-------+----------+-------------------------------------------
     0 | D:1      | Querens the Meteoran Fighter began the quest for the Orb.
     0 | D:1      | Reached XP level 1. HP: 19/19 MP: 2/2
    31 | D:1      | Reached XP level 2. HP: 20/26 MP: 3/3
   244 | D:1      | Found a faded altar of an unknown god.
   441 | D:1      | Reached XP level 3. HP: 31/31 MP: 4/4
   487 | D:1      | Glimpsed the power of Zot.
   534 | D:1      | Glimpsed the power of Zot.
   544 | D:2      | Noticed a necrophage
   564 | D:2      | Killed a necrophage
   565 | D:2      | Reached XP level 4. HP: 21/40 MP: 5/5
   565 | D:2      | Reached XP level 5. HP: 24/46 MP: 6/6
   597 | D:2      | Noticed Terence
   600 | D:2      | Killed Terence
   798 | D:2      | Found the +4 dagger "Morg" {pain, Will+ Int+5}
  1071 | D:3      | Noticed an ogre
  1130 | D:3      | Reached XP level 6. HP: 53/53 MP: 7/7
  1199 | D:3      | Found a transporter.
  1199 | D:3      | Found a transporter.
  1650 | D:3      | Glimpsed the power of Zot.
  1700 | D:3      | Glimpsed the power of Zot.
  1741 | D:4      | Reached skill level 5 in Armour
  1741 | D:4      | Reached skill level 5 in Shields
  1774 | D:4      | Reached XP level 7. HP: 4/60 MP: 8/8
  1789 | D:5      | Entered Level 5 of the Dungeon
  1828 | D:5      | HP: 2/60 [gnoll/+0 flail (5)]
  1829 | D:5      | Slain by a gnoll

Illustrated notes

Levels and vault maps discovered:
D:1:      ncdulo_halloftheorcs, layout_basic, basic_ecumenical_altar,
          serial_forest, infiniplex_forest_clump_small,
          infiniplex_forest_zigzag_2, infiniplex_forest_straight_3,
          infiniplex_forest_zigzag_1, infiniplex_forest_clump_C
D:2:      layout_basic, lemuel_old_faithful, uniq_terence
D:3:      layout_basic, gammafunk_ghost_gnarly_gnolls, kennysheep_generic_room_4
D:4:      layout_basic, nicolae_tso_carved_into_rock, kennysheep_doodads,
          minmay_divided_ellipse
D:5:      layout_basic, nicolae_ru_the_path_less_chosen,
          grunt_ashenzari_visionary [grunt_ashenzari_visionary_shoals,
          grunt_ashenzari_visionary_spider], minmay_temple_entry_wispy,
          serial_bayou, serial_bayou_lagoon_a, serial_bayou_shore_a,
          serial_bayou_crossing, serial_bayou_ford_a, lemuel_flamethrower_2,
          uniq_grinder, uniq_sigmund

Skill      XL: |  1  2  3  4  5  6 |
---------------+-------------------+-----
Shields        | 4 5 |  5.2
Armour         | 4 5 |  5.2
Fighting       | 4 |  4.8
Axes           | 3 4 |  4.4

Action                   |  1- 3 |  4- 6 |  7- 9 || total
-------------------------+-------+-------+-------++-------
Melee: War axe           |    56 |    94 |     9 ||   159
Evoke: Wand              |       |       |     1 ||     1
  Use: Potion            |       |       |     4 ||     4
 Stab: Paralysed         |       |       |     1 ||     1
Armor: Scale mail        |    35 |    44 |    18 ||    97
Dodge: Dodged            |    18 |    25 |    14 ||    57
Block: Buckler           |    16 |    20 |    15 ||    51

Table legend: (Time is in decaauts)
 A = Elapsed time spent in this place.
 B = Non-inter-level travel time spent in this place.
 C = Inter-level travel time spent in this place.
 D = Time resting spent in this place.
 E = Time spent auto-exploring this place.
 F = Levels seen in this place.
 G = Mean time per level.
                   A        B        C        D        E       F      G
               +--------+--------+--------+--------+--------+-----+--------+
         Total |   1890 |   1711 |    179 |      0 |      0 |   5 |  378.0 |
       Dungeon |   1890 |   1711 |    179 |      0 |      0 |   5 |  378.0 |
               +--------+--------+--------+--------+--------+-----+--------+

Top non-repeatable levels by time:
     D:3: 766 daAuts
     D:1: 557 daAuts
     D:2: 444 daAuts
     D:4: 80 daAuts
     D:5: 42 daAuts
